 Seeded DCSS version 0.28.0-49-g6dfe1f597d (webtiles) character file.

Game seed: 523019199727972820 (custom seed)

276 thiscave3701365 the Chopper (level 6, -1/56 HPs)
             Began as a Minotaur Berserker on May 11, 2022.
             Was a Believer of Trog.
             Slain by Ijyb
             ... wielding a +0 club
              (3 damage)
             ... on level 4 of the Dungeon.
             The game lasted 00:02:19 (3811 turns).

thiscave3701365 the Chopper (Minotaur Berserker)    Turns: 3811, Time: 00:02:20

Health: -1/56      AC:  0    Str: 24    XL:     6   Next: 4%
Magic:  5/5        EV: 14    Int:  4    God:    Trog [**....]
Gold:   146        SH:  0    Dex:  9    Spells: 5/5 levels left

rFire   . . .      SeeInvis .   (weapon currently unavailable)
rCold   . . .      Faith    .   (shield currently unavailable)
rNeg    . . .      Spirit   .   (armour currently unavailable)
rPois   .          Reflect  .   (helmet currently unavailable)
rElec   .          Harm     .   (cloak currently unavailable)
rCorr   .          Rampage  .   (gloves currently unavailable)
Will    .....                   (boots currently unavailable)
Stlth   +.........              (no amulet)
HPRegen 0.18/turn               (ring currently unavailable)
MPRegen 0.09/turn               (ring currently unavailable)

@: pig-form (expiring), on berserk cooldown, slowed
A: fast, no casting, small, (horns 2), (retaliatory headbutt)
a: Renounce Religion, Berserk, Trog's Hand


You were on level 4 of the Dungeon.
You worshipped Trog.
Trog was pleased with you.
You were a filthy swine.
You visited 1 branch of the dungeon, and saw 4 of its levels.

You collected 146 gold pieces.

Inventory:

Hand Weapons
 a - a +0 hand axe (melded)
Missiles
 i - 2 throwing nets
Armour
 b - a +0 animal skin (melded)
Jewellery
 h - an amulet of faith
 j - a ring of poison resistance
 r - a ring of fire
 s - an amulet of guardian spirit
Scrolls
 c - 2 scrolls of fog {unknown}
 e - 4 scrolls of teleportation {unknown}
 k - a scroll of identify {unknown}
 l - a scroll of fear {unknown}
 m - a scroll of amnesia {unknown}
 o - a scroll of blinking {unknown}
 p - 2 scrolls of vulnerability {unknown}
Potions
 d - a potion of curing {unknown}
 f - a potion of berserk rage {unknown}
 g - a potion of resistance {unknown}
 n - a potion of invisibility {unknown}
 q - a potion of might {unknown}


   Skills:
 + Level 5.2 Fighting
 + Level 6.0 Axes
 + Level 2.7 Armour
 + Level 3.5 Dodging
 + Level 1.1 Stealth


You had 5 spell levels left.
You didn't know any spells.
Your spell library was empty.

Dungeon Overview and Level Annotations

Branches:
Dungeon (4/15)
 Temple: D:4-7

Altars:
Ashenzari

Annotations:
D:4 Ijyb


Innate Abilities, Weirdness & Mutations

You are a filthy swine.
You move quickly.
Your equipment is almost entirely melded.
You are incapable of wielding weapons or throwing items.
You cannot cast spells.
((You have a pair of horns on your head.))
((You reflexively headbutt those who attack you in melee.))


Message History

The goblin closely misses you.
You slash the goblin!
You kill the goblin!
Trog accepts your kill.
You start resting.
Ijyb the Twisted Goblin comes into view.
She is wielding a +0 club and carrying a wand of polymorph (3).
Ijyb is nearby!
Ijyb is nearby!
Ijyb is nearby!
Ijyb zaps a wand.
You resist with some effort.
Ijyb zaps a wand.
You turn into a filthy swine.
Your +0 hand axe melds into your body.
Your +0 animal skin melds into your body.
Ijyb hits you with a +0 club.
There is an open door here.
You hit Ijyb but do no damage. Ijyb misses you.
You hit Ijyb.
Ijyb is lightly wounded.
Ijyb barely misses you. Ijyb hits you with a +0 club.
* * * LOW HITPOINT WARNING * * *
You closely miss Ijyb.
Ijyb is lightly wounded.
Your transformation is almost over.
Ijyb closely misses you.
You hit Ijyb but do no damage.
Ijyb is lightly wounded.
Ijyb hits you with a +0 club.
* * * LOW HITPOINT WARNING * * *
You closely miss Ijyb.
Ijyb is lightly wounded.
Ijyb hits you with a +0 club.
* * * LOW HITPOINT WARNING * * *
You hit Ijyb.
Ijyb is lightly wounded.
Ijyb hits you with a +0 club.
* * * LOW HITPOINT WARNING * * *
Ijyb completely misses you.
You closely miss Ijyb.
Ijyb is lightly wounded.
Ijyb hits you with a +0 club.
You die...

..############
...†..........
......#### #.#
#####.# #.#######
### ##.##
##.##.#..#....
#...#
#..>.........
#...# #........#
#...# #.###.g#.#
#...# #...##h#
####...####...#..#
..............#).#
........#######..#
......†.# #†.#
####...## ##))##
#...# #8..8# #...#
#..'......'..#
#...#
#..#..##..#..#


You could see Ijyb.

Vanquished Creatures
  A phantom (D:4)
  The ghost of THEBESTLOSER the Skirmisher, a weakling HOCA of Ignis (D:3)
  A howler monkey (D:4)
  A gnoll (D:1)
  3 adders
  A hound simulacrum (D:3)
  2 worms
  An adder simulacrum (D:3)
  2 orcs (D:4)
  8 endoplasms
  3 giant cockroaches
  4 goblins
  5 hobgoblins
  4 quokkas
  5 ball pythons
  A ball python simulacrum (D:3)
  6 bats
  A frilled lizard (D:1)
  7 kobolds
  8 rats
65 creatures vanquished.

Notes
Turn   | Place    | Note
-------+----------+-------------------------------------------
     0 | D:1      | thiscave3701365 the Minotaur Berserker began the quest for
                  | the Orb.
     0 | D:1      | Reached XP level 1. HP: 19/19 MP: 0/0
   307 | D:1      | Reached skill level 4 in Axes
   307 | D:1      | Reached XP level 2. HP: 26/27 MP: 1/1
   846 | D:1      | Found a faded altar of an unknown god.
  1291 | D:2      | Reached XP level 3. HP: 33/33 MP: 2/2
  1549 | D:2      | Found a broken altar of Ashenzari.
  2422 | D:3      | Reached ** piety under Trog
  2423 | D:3      | Reached XP level 4. HP: 41/41 MP: 3/3
  2515 | D:3      | Found a runed translucent gate.
  2614 | D:3      | Found a runed translucent gate.
  2614 | D:3      | Found a runed translucent gate.
  2647 | D:3      | Noticed THEBESTLOSER's ghost (weakling HOCA)
  3092 | D:3      | Reached skill level 5 in Axes
  3096 | D:3      | Killed THEBESTLOSER's ghost
  3120 | D:3      | Reached XP level 5. HP: 13/47 MP: 4/4
  3774 | D:4      | Noticed a phantom
  3778 | D:4      | Reached skill level 5 in Fighting
  3787 | D:4      | Killed a phantom
  3788 | D:4      | Reached skill level 6 in Axes
  3788 | D:4      | Reached skill level 1 in Stealth
  3788 | D:4      | Reached XP level 6. HP: 26/56 MP: 5/5
  3801 | D:4      | Noticed Ijyb
  3810 | D:4      | HP: 2/56 [Ijyb/+0 club (4)]
  3811 | D:4      | Slain by Ijyb

Illustrated notes

Levels and vault maps discovered:
D:1:      minmay_arrival_floating_metal, layout_loops_corners,
          shapermc_ecumenical_altar_notcrosses, minivault_11
D:2:      layout_basic, basic_altar
D:3:      layout_basic, gammafunk_ghost_icy
D:4:      minmay_chambers_of_twos, layout_loops_cross,
          minmay_temple_entry_fiery, minmay_fractal_squares_5, uniq_ijyb

Skill      XL: |  1  2  3  4  5 |
---------------+----------------+-----
Axes           | 4 5 6 |  6.0
Fighting       | 4 5 |  5.2
Dodging        | 3 |  3.5
Stealth        | 1 |  1.1
Armour         | |  2.7

Action                   |  1- 3 |  4- 6 || total
-------------------------+-------+-------++-------
Melee: Hand axe          |    69 |    55 ||   124
       Headbutt          |     7 |     3 ||    10
       Punch             |       |     1 ||     1
       Unarmed           |       |     7 ||     7
Invok: Berserk           |     1 |     2 ||     3
Armor: Animal skin       |     8 |     6 ||    14
Dodge: Dodged            |    37 |    45 ||    82
